 Dungeon Crawl Stone Soup version 0.30.0-17-ge0270778cf (webtiles) character file.

Game seed: 6817158514564438938

3266 Tofusson the Thaumaturge (level 9, 0/57 HPs)
             Began as a Mummy Ice Elementalist on May 23, 2023.
             Was a Follower of Ashenzari.
             Killed from afar by an electric eel (17 damage)
             ... with a bolt of electricity
             ... on level 7 of the Dungeon.
             The game lasted 00:29:42 (6706 turns).

Tofusson the Thaumaturge (Mummy Ice Elementalist)   Turns: 6706, Time: 00:29:42

Health: 0/57       AC:  5    Str: 11    XL:     9   Next: 68%
Magic:  20/21      EV: 14    Int: 19    God:    Ashenzari [*.....]
Gold:   1217       SH:  0    Dex: 12    Spells: 14/25 levels left

rFire   x x .        b - +3 shortbow "Chained Awkwardness" {flame, Evo, Melee} (curse)
rCold   + + .        (shield currently unavailable)
rNeg    + + +        d - +0 robe {Will+}
rPois   ∞            i - +0 helmet
rElec   .            g - +0 cloak
rCorr   .            (no gloves)
SInv    .            k - +0 pair of boots
Will    ++...        (no amulet)
Stlth   +++          f - ring of ice
HPRegen 0.29/turn    (no ring)
MPRegen 0.17/turn

%: faith
@: no status effects
A: cold resistance 1, negative energy resistance 3, torment resistance 2, heat
vulnerability 1, in touch with death 1, no potions, faith
a: Renounce Religion, Shatter the Chains


You were on level 7 of the Dungeon.
You worshipped Ashenzari.
Ashenzari was aware of your devotion.
You visited 1 branch of the dungeon, and saw 7 of its levels.

You collected 1217 gold pieces.

Inventory:

Hand Weapons
 a - a +2 mace of protection
 b - the cursed +3 shortbow "Chained Awkwardness" (weapon) {flame, Evo, Melee}
   (You found it on level 4 of the Dungeon)

   It has a curse which improves the following skills: Evocations: Evocations.
   Melee Combat: Short Blades, Long Blades, Axes, Maces & Flails, Polearms,
   Staves and Unarmed Combat.
 c - a +1 short sword of venom
Armour
 d - a +0 robe of willpower (worn)
 g - a +0 cloak (worn)
 i - a +0 helmet (worn)
 k - a +0 pair of boots (worn)
Jewellery
 f - a ring of ice (left hand)
Wands
 j - a wand of iceblast (3)
 m - a wand of flame (18)
 o - a wand of paralysis (8)
Scrolls
 e - 2 scrolls of teleportation
 h - 5 scrolls of identify
 l - 3 scrolls of poison
 n - a scroll of magic mapping
 r - 2 scrolls of vulnerability


   Skills:
 + Level 5.9 Dodging
 + Level 6.4 Stealth
 + Level 8.6 Spellcasting
 + Level 6.6 Ice Magic


You had 14 spell levels left.
You knew the following spells:

 Your Spells              Type           Power      Damage    Failure   Level
a - Freeze                Ice            100%       1d10      1%          1
b - Frozen Ramparts       Ice            100%       1d16      1%          3
c - Ozocubu's Armour      Ice            50%        N/A       1%          3
d - Summon Ice Beast      Ice/Summ       31%        N/A       22%         4

Your spell library contained the following spells:

 Spells                   Type           Power      Damage    Failure   Level
 Apportation              Tloc           16%        N/A       9%          1
 Foxfire                  Conj/Fire      32%        2x1d5     9%          1
 Gell's Gravitas          Tloc           8%         N/A       26%         3
 Teleport Other           Tloc           8%         N/A       26%         3
 Animate Dead             Necr           12%        N/A       63%         4
 Alistair's Intoxication  Tmut/Pois      5%         N/A       93%         5
 Borgnjor's Vile Clutch   Necr/Erth      6%         N/A       93%         5
 Fireball                 Conj/Fire      4%         3d4       93%         5
 Summon Mana Viper        Hex/Summ       8%         N/A       93%         5
 Death Channel            Necr           6%         N/A       100%        6
 Dispersal                Tloc           4%         N/A       100%        6
 Plasma Beam              Fire/Air       4%         2x1d15    100%        6
 Starburst                Conj/Fire      4%         6d3       100%        6
 Monstrous Menagerie      Summ           4%         N/A       100%        7


Dungeon Overview and Level Annotations

Branches:
Dungeon (7/15)             Temple (0/1) D:5

Altars:
Ashenzari
Cheibriados
Dithmenos
Hepliaklqana
Sif Muna
Uskayaw
Wu Jian
Yredelemnul

Shops:
D:6 ?

Annotations:
D:7 Maggie


Innate Abilities, Weirdness & Mutations

You are immune to poison.
Your flesh is cold resistant. (rC+)
You are immune to negative energy. (rN+++)
You are immune to unholy pain and torment.
You are vulnerable to heat. (rF-)
You are in touch with the powers of death.
You do not drink.
You have a special connection with the divine. (Faith)


Message History

The electric eel shoots out a bolt of lightning at you!
The bolt of electricity hits the plant!
The bolt of electricity hits you.
* * * LOW HITPOINT WARNING * * *
Aiming: Iceblast
Press: ? - help, Shift-Dir - straight line, f - hornet, p - electric eel
Aim: a hornet (lightly wounded)
The mass of ice explodes!
The iceblast engulfs the hornet!
The hornet is severely wounded.
The iceblast engulfs the plant!
The plant begins to die.
The plant is lightly damaged.
The iceblast engulfs the plant!!
The plant is moderately damaged.
A nearby plant withers and dies.
The plant is engulfed in a cloud of scalding steam.
The plant begins to die.
The electric eel is engulfed in a cloud of scalding steam.
Aiming: Throw Flame
Press: ? - help, Shift-Dir - straight line, f/p - hornet
Aim: a hornet (severely wounded, 52% to hit)
The puff of flame hits the hornet.
The hornet is severely wounded.
The hornet is engulfed in a cloud of scalding steam. x2
Casting: Freeze (safe; 1% risk of failure)
Confirm with . or Enter, or press ? or * to list all spells.
Aiming: Freeze (safe; 1% risk of failure)
Press: ? - help, Shift-Dir - straight line, f/p - hornet
Aim: a hornet (almost dead)
You feel a surge of power!
You freeze the hornet.
You kill the hornet!
A nearby plant withers and dies. x3
Fire: b) +3 shortbow "Chained Awkwardness" {flame, Evo, Melee} (curse)
Press: ? - help, Q - select action, (/) - cycle Shift-Dir - straight line, f - ice beast
Aim: an ice beast (60% to hit)
You shoot an arrow. The arrow barely misses the ice beast.
The arrow hits the plant!
The plant begins to die.
The arrow burns the plant.
The plant is lightly damaged.
The electric eel shoots out a bolt of lightning at you!
The bolt of electricity hits you!
You die...

..## !..# ..######
..##...# ###### .......#
##....# ......##
###..##.# ..##...#
##.......####♣ ..##...#
##......~~~P~~~
##########..#...@~~~~~~P
........##.####...~~P~~≈
#...##..##.# #..~~~~~~P
#...###.#..# #.).~Y~~S≈
##.Y###.#..# #...P~~~≈≈
##..o...#..# #...~~~P~≈
##.....#..# #...P~~P~≈
###...#..# #..PP~~~~≈
####.#..#


You could see an ice beast and an electric eel.

Vanquished Creatures
  Pikel (D:7)
  A hornet (D:7)
  Sigmund (D:6)
  Menkaure (D:6)
  An acid dragon (D:5)
  3 water moccasins
  2 sky beasts
  A black bear (D:7)
  An ogre (D:5)
  A centaur (D:7)
  2 lemures (D:7)
  A phantom (D:6)
  A kobold brigand (D:7)
  Blork the orc (D:6)
  A gnoll sergeant (D:5)
  2 scorpions
  A wight (D:7)
  Crazy Yiuf (D:5)
  4 jellies
  A sleepcap (D:5)
  A gnoll bouda (D:7)
  3 hounds
  6 orc priests
  6 iguanas
  6 orc wizards
  7 gnolls
  4 adders
  A shadow imp (D:5)
  3 white imps
  An ufetubus (D:5)
  5 dart slugs
  A worm (D:2)
  19 orcs
  3 endoplasms
  2 giant cockroaches (D:1)
  4 hobgoblins
  7 jackals
  6 kobolds
  7 quokkas
  7 ball pythons
  2 bats
  2 frilled lizards (D:1)
  A goblin (D:1)
  9 rats
141 creatures vanquished.

Vanquished Creatures (others)
  An orc (D:7)
1 creature vanquished.

Grand Total: 142 creatures vanquished

Notes
Turn   | Place    | Note
-------+----------+-------------------------------------------
     0 | D:1      | Tofusson the Mummy Ice Elementalist began the quest for the
                  | Orb.
     0 | D:1      | Reached XP level 1. HP: 13/13 MP: 4/4
   240 | D:1      | Reached XP level 2. HP: 19/19 MP: 3/5
   273 | D:1      | Reached skill level 3 in Spellcasting
  1209 | D:2      | Gained mutation: You are in touch with the powers of death.
                  | [Mummy growth]
  1209 | D:2      | Reached XP level 3. HP: 24/24 MP: 7/7
  1218 | D:2      | Learned a level 3 spell: Frozen Ramparts
  1222 | D:2      | Learned a level 3 spell: Ozocubu's Armour
  1554 | D:2      | Found a hide-covered altar of Uskayaw.
  1838 | D:2      | Reached XP level 4. HP: 29/30 MP: 4/9
  2064 | D:2      | Found a faded altar of an unknown god.
  2521 | D:3      | Identified a scroll of acquirement
  2523 | D:3      | Acquired 824 gold pieces
  2571 | D:3      | Reached XP level 5. HP: 13/35 MP: 0/10
  2582 | D:3      | Reached skill level 4 in Spellcasting
  2690 | D:3      | Found a hide-covered altar of Uskayaw.
  2935 | D:3      | Found an ornate altar of the Wu Jian Council.
  3038 | D:3      | Found a hazy altar of Hepliaklqana.
  3812 | D:5      | Entered Level 5 of the Dungeon
  3821 | D:5      | Reached XP level 6. HP: 33/41 MP: 7/12
  3998 | D:5      | Noticed an acid dragon
  4007 | D:5      | Killed an acid dragon
  4008 | D:5      | Reached skill level 5 in Spellcasting
  4163 | D:5      | Found a broken altar of Ashenzari.
  4186 | D:5      | Reached XP level 7. HP: 34/46 MP: 4/14
  4263 | D:5      | Became a worshipper of Ashenzari the Shackled
  4283 | D:5      | Found a staircase to the Ecumenical Temple.
  4296 | D:5      | Found a basalt altar of Yredelemnul.
  4320 | D:5      | Found a snail-covered altar of Cheibriados.
  4669 | D:5      | Found a shadowy altar of Dithmenos.
  4830 | D:5      | Found a runed translucent door.
  4831 | D:5      | Noticed Crazy Yiuf
  5080 | D:5      | Killed Crazy Yiuf
  5081 | D:5      | Reached skill level 6 in Spellcasting
  5081 | D:5      | Reached skill level 5 in Ice Magic
  5207 | D:6      | Noticed Sigmund
  5211 | D:6      | Noticed Blork the orc
  5215 | D:6      | Killed Sigmund
  5216 | D:6      | Reached XP level 8. HP: 46/52 MP: 10/17
  5231 | D:6      | Killed Blork the orc
  5299 | D:6      | Found a shimmering blue altar of Sif Muna.
  5459 | D:6      | Reached skill level 5 in Stealth
  5503 | D:6      | Found The Oracle's Delphic Readings.
  5629 | D:6      | Reached skill level 7 in Spellcasting
  5960 | D:6      | Noticed Menkaure
  5963 | D:6      | Killed Menkaure
  6008 | D:7      | Reached skill level 5 in Dodging
  6009 | D:7      | Noticed Maggie
  6048 | D:7      | Reached XP level 9. HP: 11/57 MP: 10/20
  6166 | D:7      | Learned a level 4 spell: Summon Ice Beast
  6205 | D:7      | Reached * piety under Ashenzari
  6259 | D:7      | Noticed Pikel
  6273 | D:7      | Killed Pikel
  6274 | D:7      | Reached skill level 8 in Spellcasting
  6706 | D:7      | Killed from afar by an electric eel

Illustrated notes

Levels and vault maps discovered:
D:1:      dpeg_arrival_round_a, layout_basic
D:2:      layout_basic, basic_altar, ebering_ecumenical_altar_hall
D:3:      layout_basic, nicolae_uskayaw_dance_hall,
          mainiacjoe_overflow_brackets, mainiacjoe_overflow_surrounded_room
D:4:      layout_basic
D:5:      dreamdust_elfheim, layout_basic, evilmike_ruin_ashenzari,
          nicolae_dithmenos_through_a_glass_darkly, grunt_temple_overflow_open,
          minmay_temple_entry_enclosed_plants, kennysheep_generic_room_14,
          uniq_crazy_yiuf_cottage
D:6:      layout_basic, tgw_sif, nicolae_nh_oracle_at_delphi, uniq_sigmund,
          uniq_menkaure
D:7:      minmay_recursive_quarters, layout_gridville, serial_bayou,
          serial_bayou_lagoon_b, serial_bayou_ford_a, serial_bayou_shore_a,
          serial_bayou_crossing, uniq_pikel, uniq_maggie

Skill      XL: |  1  2  3  4  5  6  7  8  9 |
---------------+----------------------------+-----
Spellcasting   | 3 4 5 6 7 8 |  8.6
Stealth        | 2 3 4 5 6 |  6.4
Dodging        | 2 3 4 5 |  5.9
Ice Magic      | 4 5 6 |  6.6

Action                     |  1- 3 |  4- 6 |  7- 9 || total
---------------------------+-------+-------+-------++-------
  Melee: Unarmed           |     6 |       |       ||     6
         Short sword       |    79 |    31 |       ||   110
         Mace              |       |    29 |    19 ||    48
         Punch             |       |       |     1 ||     1
   Fire: Shortbow          |       |    14 |   123 ||   137
   Cast: Freeze            |    44 |    44 |    53 ||   141
         Ozocubu's Armour  |       |     3 |     9 ||    12
         Frozen Ramparts   |       |     3 |    12 ||    15
 Invoke: Curse Item        |       |       |     1 ||     1
  Evoke: Wand              |       |       |     3 ||     3
    Use: Scroll            |     4 |     3 |     3 ||    10
   Stab: Sleeping          |     1 |     2 |     1 ||     4
 Armour: Robe              |    29 |    38 |    54 ||   121
  Dodge: Dodged            |    81 |    56 |    86 ||   223
